 Dungeon Crawl Stone Soup version 0.31-a0-149-g3fdcc5976a (webtiles) character file.

Game seed: 3164491594180861879

440 promet the Grave Robber (level 6, -2/34 HPs)
             Began as a Deep Elf Necromancer on June 7, 2023.
             Slain by an orc
             ... wielding a +0 flail
              (9 damage)
             ... on level 4 of the Dungeon.
             The game lasted 00:26:35 (4264 turns).

promet the Grave Robber (Deep Elf Necromancer)      Turns: 4264, Time: 00:26:35

Health: -2/34      AC:  0    Str: 10    XL:     6   Next: 70%
Magic:  11/17      EV: 13    Int: 22    God:
Gold:   279        SH:  4    Dex: 15    Spells: 13/17 levels left

rFire   . . .        b - +4 longbow (heavy)
rCold   . . .        (shield currently unavailable)
rNeg    . . .        o - +0 robe of the Ecumenical Temple {rCorr Str+5 SInv}
rPois   .            (no helmet)
rElec   .            (no cloak)
rCorr   +            u - +1 pair of gloves
SInv    +            (no boots)
Will    .....        (no amulet)
Stlth   ++           e - ring of flight
HPRegen 0.25/turn    (no ring)
MPRegen 0.15/turn

%: no passive effects
@: corroded, flying
A: large bone plates 1
a: no special abilities


You were on level 4 of the Dungeon.
You visited 1 branch of the dungeon, and saw 4 of its levels.

You collected 985 gold pieces.
You spent 706 gold pieces at shops.

Inventory:

Hand Weapons
 a - a +3 short sword
 b - a +4 heavy longbow (weapon)
 c - a +0 long sword
 h - a +0 war axe
 k - a +0 spear
 l - a +0 dagger of draining
 t - a +0 broad axe
Missiles
 g - 48 stones
Armour
 d - a +0 robe
 i - a +1 leather armour
 n - the +1 kite shield of Absence {rElec rF+ SInv}
   (You found it on level 2 of the Dungeon)

   rF:        It protects you from fire.
   rElec:     It insulates you from electricity.
   SInv:      It lets you see invisible.
 o - the +0 robe of the Ecumenical Temple (worn) {rCorr Str+5 SInv}
   (You bought it in a shop on level 2 of the Dungeon)

   Str:       It affects your strength (+5).
   SInv:      It lets you see invisible.
   rCorr:     It protects you from acid and corrosion.
 u - a +1 pair of gloves (worn)
Jewellery
 e - a ring of flight (left hand)
 j - an amulet of the acrobat
 r - an amulet of magic regeneration
Scrolls
 q - a scroll of identify
Potions
 f - 3 potions of attraction
 m - a potion of ambrosia
 p - 3 potions of heal wounds
 s - a potion of magic


   Skills:
 * Level 1.4 Fighting
 + Level 0.1 Short Blades
 + Level 1.6 Ranged Weapons
 + Level 0.3 Armour
 + Level 2.7 Dodging
 + Level 2.6 Stealth
 + Level 0.2 Shields
 + Level 6.3 Spellcasting
 + Level 7.2 Necromancy


You had 13 spell levels left.
You knew the following spells:

 Your Spells              Type           Power      Damage    Failure   Level
a - Necrotise             Necr           100%       1d9       1%          1
b - Vampiric Draining     Necr           38%        2d8       1%          3

Your spell library contained the following spells:

 Spells                   Type           Power      Damage    Failure   Level
 Animate Dead             Necr           38%        N/A       4%          4
 Freeze                   Ice            24%        1d4       9%          1
 Agony                    Necr           38%        N/A       13%         5
 Frozen Ramparts          Ice            12%        1d2       26%         3
 Hailstorm                Conj/Ice       6%         3d4       26%         3


Dungeon Overview and Level Annotations

Branches:
Dungeon (4/15)
 Temple: D:4-7

Altars:
Ashenzari
Dithmenos
Fedhas
Okawaru

Shops:
D:2 *   D:3 [   D:4 *

Annotations:
D:4 3 runed translucent doors


Innate Abilities, Weirdness & Mutations

You are partially covered in large bone plates. (SH +4)


Message History

The splash of acid hits you. You resist.
An orc comes into view. It is wielding a +0 flail.
You hear a shout!
Fire: b) +4 longbow (heavy)
Press: ? - help, Q - select action, (/) - cycle Shift-Dir - straight line, f/p - acid dragon
Aim: an acid dragon (catching its breath, 60% to hit)
You shoot an arrow. The arrow hits the acid dragon!!
The acid dragon is severely wounded.
The acid dragon bites you!
* * * LOW HITPOINT WARNING * * *
The acid dragon misses you.
Casting: Vampiric Draining (safe; 1% risk of failure)
Confirm with . or Enter, or press ? or * to list all spells.
Aiming: Vampiric Draining (safe; 1% risk of failure)
Press: ? - help, Shift-Dir - straight line, f/p - acid dragon
Aim: an acid dragon (severely wounded)
You draw life force from the acid dragon.
You kill the acid dragon!
You feel life coursing into your body.
Your Ranged Weapons skill increases to level 1!
Casting: Vampiric Draining (safe; 1% risk of failure)
Confirm with . or Enter, or press ? or * to list all spells.
Aiming: Vampiric Draining (safe; 1% risk of failure)
Press: ? - help, Shift-Dir - straight line, f - orc
Aim: an orc, wielding a +0 flail You draw life force from the orc!
You kill the orc!
You feel life coursing into your body.
Casting: Vampiric Draining (safe; 1% risk of failure)
Confirm with . or Enter, or press ? or * to list all spells.
You can't see any susceptible monsters within range! (Use Z to cast anyway.) Unknown command.
Fire: b) +4 longbow (heavy)
Press: ? - help, Q - select action, (/) - cycle Shift-Dir - straight line, f - orc
Aim: an orc, wielding a +0 flail and wearing a +0 leather armour (60% to hit)
You shoot an arrow. The arrow closely misses the orc.
The orc hits you with a +0 flail!
* * * LOW HITPOINT WARNING * * *
The orc hits you with a +0 flail!
You die...

####...##..###.# #....####..# #.#
. .. # #.#.##..)..# .##. .#..
#.#.......## ..) .#. ..###...###
#.# .. ### #...# ####.#######
.##. #...# ##..........### ##....
#...# ##....o........###.....
#####...##.#....@....).).....#
.....^....#...#########...>..####
.........### .#..w....#......##..
..........# ..#..###..#......##.#
#####...##.#..+.. #$.#......##.#
#...# ##..+... $.#..###.....
#...# #..+.. #..#..######.# #...#
##..#..###..#..#......# #...#
#...#...w...#..#.######


You could see a dart slug and an orc.

Vanquished Creatures
  An acid dragon (D:4)
  A howler monkey (D:4)
  2 hounds (D:4)
  An iguana (D:4)
  A gnoll (D:1)
  4 adders
  3 worms
  3 dart slugs
  8 orcs
  7 endoplasms
  11 goblins
  6 hobgoblins
  3 jackals (D:3)
  3 quokkas
  4 ball pythons
  6 bats
  2 frilled lizards
  6 kobolds
  7 rats
79 creatures vanquished.

Vanquished Creatures (collateral kills)
  Blork the orc (D:4)
  A rat (D:2)
2 creatures vanquished.

Grand Total: 81 creatures vanquished

Notes
Turn   | Place    | Note
-------+----------+-------------------------------------------
     0 | D:1      | promet the Deep Elf Necromancer began the quest for the
                  | Orb.
     0 | D:1      | Reached XP level 1. HP: 10/10 MP: 6/6
   144 | D:1      | Reached skill level 5 in Necromancy
   285 | D:1      | Reached XP level 2. HP: 15/15 MP: 6/8
   618 | D:1      | Gained mutation: You are dopey. (Int -2) [potion of
                  | mutation]
  1402 | D:2      | Reached XP level 3. HP: 19/19 MP: 7/10
  1641 | D:2      | Identified the +1 kite shield of Absence {rElec rF+ SInv}
  1658 | D:2      | Found Dubiykk's General Store.
  1962 | D:2      | Lost mutation: You are dopey. (Int -2) [potion of mutation]
  1962 | D:2      | Gained mutation: You are partially covered in large bone
                  | plates. (SH +4) [potion of mutation]
  2050 | D:2      | Reached XP level 4. HP: 24/24 MP: 9/12
  2055 | D:2      | Found a shadowy altar of Dithmenos.
  2415 | D:3      | Reached skill level 6 in Necromancy
  2505 | D:3      | Found a blossoming altar of Fedhas.
  3011 | D:3      | Reached skill level 5 in Spellcasting
  3015 | D:3      | Learned a level 3 spell: Vampiric Draining
  3132 | D:3      | Found Urhy's Armour Shop.
  3351 | D:4      | Identified a scroll of acquirement
  3352 | D:4      | Acquired 761 gold pieces
  3415 | D:2      | Bought the +0 robe of the Ecumenical Temple {rCorr Str+5
                  | SInv} for 336 gold pieces
  3533 | D:4      | Found an iron altar of Okawaru.
  3543 | D:4      | Found Yrae's General Store.
  3557 | D:4      | Reached XP level 5. HP: 19/28 MP: 7/14
  3559 | D:4      | Bought a +4 heavy longbow for 370 gold pieces
  3834 | D:4      | Noticed Blork the orc
  3840 | D:4      | Killed Blork the orc
  3841 | D:4      | Reached skill level 1 in Fighting
  3841 | D:4      | Reached XP level 6. HP: 27/34 MP: 5/16
  4075 | D:4      | Reached skill level 7 in Necromancy
  4140 | D:4      | Found a runed translucent gate.
  4140 | D:4      | Found a runed translucent gate.
  4150 | D:4      | Found a broken altar of Ashenzari.
  4199 | D:4      | Found a runed translucent gate.
  4258 | D:4      | Noticed an acid dragon
  4262 | D:4      | Killed an acid dragon
  4263 | D:4      | Reached skill level 1 in Ranged Weapons
  4264 | D:4      | Slain by an orc

Illustrated notes

Levels and vault maps discovered:
D:1:      spicycebolla_green_bress_n_ham, layout_basic
D:2:      layout_basic, serial_shops, shop, basic_altar
D:3:      layout_basic, fedhas_altar_1, serial_shops, shop
D:4:      layout_loops_cross, okawaru_trees_2,
          mainiacjoe_overflow_surrounded_room, serial_shops, shop,
          gammafunk_ghost_split, minmay_lizard_king, uniq_sigmund,
          uniq_blork_the_orc

Skill      XL: |  1  2  3  4  5  6 |
---------------+-------------------+-----
Necromancy     | 5 6 7 |  7.2
Spellcasting   | 4 5 6 |  6.3
Fighting       | 1 |  1.4
Ranged Weapons | 1 |  1.6
Short Blades   | |  0.1
Armour         | |  0.3
Dodging        | |  2.7
Stealth        | |  2.6
Shields        | |  0.2

Action                     |  1- 3 |  4- 6 || total
---------------------------+-------+-------++-------
  Melee: Dagger            |     2 |       ||     2
         Long sword        |     1 |       ||     1
         Short sword       |     2 |    10 ||    12
   Fire: Longbow           |       |    13 ||    13
   Cast: Necrotise         |    60 |    71 ||   131
         Vampiric Draining |       |     9 ||     9
    Use: Scroll            |     3 |     9 ||    12
         Potion            |     2 |       ||     2
 Armour: Leather armour    |     7 |     2 ||     9
         Robe              |       |     4 ||     4
  Dodge: Dodged            |     7 |    17 ||    24
  Block: Other             |       |     6 ||     6

Table legend: (Time is in decaauts)
 A = Elapsed time spent in this place.
 B = Non-inter-level travel time spent in this place.
 C = Inter-level travel time spent in this place.
 D = Time resting spent in this place.
 E = Time spent auto-exploring this place.
 F = Levels seen in this place.
 G = Mean time per level.
                   A        B        C        D        E       F      G
               +--------+--------+--------+--------+--------+-----+--------+
         Total |   4279 |   4188 |     91 |   1156 |    776 |   4 | 1069.8 |
       Dungeon |   4279 |   4188 |     91 |   1156 |    776 |   4 | 1069.8 |
               +--------+--------+--------+--------+--------+-----+--------+

Top non-repeatable levels by time:
     D:1: 1362 daAuts
     D:2: 1164 daAuts
     D:4: 920 daAuts
     D:3: 832 daAuts
